AoeStats
← noob

MegaRandom

503439816Analyzed
1v1 RM · 1mo ago on Aug 31, 2026· 26m 12s· 2 players
Game mode
Random Map
Map size
Tiny (2 player)
Population
200
Speed
Normal
Resources
Standard
Victory
Conquest
Starting age
Dark Age
Ending age
Imperial Age
RankedLock teamsTeams togetherTeam positionsShared explorationLock speedFull tech treeHidden civsTurbo modeCheats
Victory
Defeat
🇸🇪 Mongols · Sweden
1425
+15
🇩🇪 Vietnamese · Germany
1403
-15
noob
7:20 Loom
10:34 Feudal Age
14:33 Double-Bit Axe
22:40 Fletching
25:54 Wheelbarrow
Gretler
4:18 Loom
9:30 Feudal Age
11:10 Man-at-Arms
13:25 Town Watch
16:45 Double-Bit Axe
18:49 Wheelbarrow
21:59 Fletching
26:05 Castle Age
25:24 Bloodlines
25:30 Horse Collar
Connection lost

Rejoining the realm…

Still unreachable

The connection could not be restored.

Session expired

The server has moved on; the page needs a fresh start.